 Dungeon Crawl Stone Soup version 0.26-a0-835-g8259106e14 (webtiles) character file.

Game seed: 1684924619276715864

1444 ringo67 the Cudgeller (level 8, -15/70 HPs)
             Began as a Ghoul Fighter on Nov 17, 2020.
             Was an Initiate of Yredelemnul.
             Demolished by an ogre
             ... wielding a +0 giant spiked club
              (25 damage)
             ... on level 5 of the Dungeon.
             The game lasted 00:09:55 (6482 turns).

ringo67 the Cudgeller (Ghoul Fighter)               Turns: 6482, Time: 00:09:56

Health: -15/70     AC: 13    Str: 22    XL:     8   Next: 74%
Magic:  7/7        EV:  4    Int:  3    God:    Yredelemnul [......]
Gold:   235        SH:  9    Dex:  8    Spells: 7/7 levels left

rFire    . . .     SeeInvis +   a - +1 flail
rCold    + . .     Faith    .   c - +0 kite shield
rNeg     + + +     Spirit   .   B - +0 plate armour
rPois    ∞         Reflect  .   (no helmet)
rElec    .         Harm     .   (no cloak)
rCorr    .         Rampage  .   (no gloves)
MR       .....                  r - +0 pair of boots
Stlth    ..........             (no amulet)
HPRegen  0.00/turn              y - ring of see invisible
MPRegen  0.10/turn              (no ring)

@: no status effects
A: rotting body, claws 1, cold resistance 1, negative energy resistance 3,
inhibited regeneration, torment resistance, unbreathing
a: Renounce Religion


You were on level 5 of the Dungeon.
You worshipped Yredelemnul.
Yredelemnul was noncommittal.
You visited 2 branches of the dungeon, and saw 7 of its levels.

You collected 259 gold pieces.
You spent 24 gold pieces at shops.

Inventory:

Hand Weapons
 a - a +1 flail (weapon)
Missiles
 x - 5 curare-tipped darts (quivered)
Armour
 c - a +0 kite shield (worn)
 r - a +0 pair of boots (worn)
 B - a +0 plate armour (worn)
Jewellery
 y - a ring of see invisible (left claw)
Wands
 u - a wand of random effects (12)
 z - a wand of polymorph (8)
Scrolls
 f - 5 scrolls of identify
 g - 4 scrolls of remove curse
 h - a scroll of fear {unknown}
 i - 2 scrolls of teleportation
 k - a scroll of magic mapping
 l - a scroll of immolation
 m - a scroll of fog {unknown}
 o - a scroll of blinking {unknown}
 p - a scroll of amnesia
 q - 2 scrolls of enchant weapon
Potions
 d - 5 potions of might
 e - 3 potions of curing
 j - a potion of magic {unknown}
 n - a potion of flight {unknown}
 s - a potion of invisibility {unknown}
 t - 2 potions of attraction {unknown}
 v - a potion of ambrosia {unknown}
 w - a potion of brilliance {unknown}
 A - 2 potions of berserk rage {unknown}


   Skills:
 + Level 6.1 Fighting
 * Level 6.3 Maces & Flails
 + Level 5.0 Armour
 + Level 5.0 Shields


You had 7 spell levels left.
You didn't know any spells.
Your spell library was empty.

Dungeon Overview and Level Annotations

Branches:
Dungeon (6/15)             Temple (1/1) D:4

Altars:
Ashenzari
Dithmenos
Gozag
Hepliaklqana
Kikubaaqudgha
Makhleb
Nemelex Xobeh
Okawaru
Qazlal
Ru
Sif Muna
Uskayaw
Vehumet
Wu Jian
Xom
Yredelemnul
The Shining One

Shops:
D:5 **?[:

Annotations:
D:5 2 transporters, robertstho's ghost, novice DEFE


Innate Abilities, Weirdness & Mutations

Your body is rotting away.
You thrive by killing the living.
You are immune to poison.
You have sharp fingernails.
Your flesh is cold resistant. (rC+)
You are immune to negative energy. (rN+++)
You do not regenerate when monsters are visible.
You are immune to unholy pain and torment.
You can survive without breathing.


Message History

You hit the ogre.
The ogre is severely wounded.
The ogre hits you with a +0 giant spiked club!!
* * * LOW HITPOINT WARNING * * *
Your shield and plate armour prevent you from hitting the ogre.
The ogre is severely wounded.
You block the ogre's attack.
You barely miss the ogre.
The ogre is severely wounded.
You block the ogre's attack.
You hit the ogre.
The ogre is almost dead.
You block the ogre's attack.
You barely miss the ogre.
The ogre is almost dead.
You hit the ogre.
The ogre is almost dead.
The ogre hits you with a +0 giant spiked club!!
You die...
Yredelemnul claims you as an undead slave.

##........### #....##..## ##....
.......#### #.......## ##...
.......# ##..###..## ##..
.......## #...# #...# ##.
........# ##...# ##..## ##..
........## #....# #<..# ##...
...##....# #...## ##..## ##...#
..###....####...######...###...##
..####....#.....@O.....>.#....##
...####...............[......##
#...###....#####............##
#....##..#######............##
#........# ##...........##...##
#.......####...........#####..##
#......####...........## ##..##
#.......##............# ##..#
........###...........# #...


You could see an ogre.

Vanquished Creatures
  Pikel (D:2)
  Grinder (D:4)
  Eustachio (D:3)
  An orc warrior (D:5)
  2 ogres (D:4)
  A centaur (D:5)
  A bullfrog skeleton (D:4)
  2 centaur skeletons (D:5)
  A hound skeleton (D:5)
  7 adders
  4 gnolls (D:3)
  A white imp (D:5)
  An ooze (D:5)
  An adder zombie (D:5)
  An adder skeleton (D:5)
  A worm (D:2)
  A dart slug (D:1)
  4 leopard geckos
  6 orcs
  3 ball pythons
  11 bats
  4 giant cockroaches
  4 goblins
  10 hobgoblins
  7 jackals
  8 kobolds
  3 quokkas
  3 frilled lizards
  6 rats
97 creatures vanquished.

Vanquished Creatures (others)
  3 plants (D:4)
3 creatures vanquished.

Grand Total: 100 creatures vanquished

Notes
Turn   | Place    | Note
-------+----------+-------------------------------------------
     0 | D:1      | ringo67 the Ghoul Fighter began the quest for the Orb.
     0 | D:1      | Reached XP level 1. HP: 19/19 MP: 0/0
    79 | D:1      | Reached XP level 2. HP: 26/26 MP: 1/1
   308 | D:1      | Reached XP level 3. HP: 25/31 MP: 2/2
  1093 | D:2      | Reached XP level 4. HP: 40/40 MP: 3/3
  1250 | D:3      | Found an opulent altar of Gozag.
  1848 | D:3      | Reached XP level 5. HP: 22/46 MP: 4/4
  2530 | D:4      | Noticed an ogre
  2571 | D:4      | Killed an ogre
  2572 | D:4      | Reached XP level 6. HP: 10/53 MP: 5/5
  3004 | D:4      | Found a staircase to the Ecumenical Temple.
  3011 | Temple   | Entered the Ecumenical Temple
  3111 | Temple   | Became a worshipper of Yredelemnul the Dark
  3295 | D:4      | Noticed Grinder
  3310 | D:4      | Paralysed by Grinder for 2 turns
  3335 | D:4      | Killed Grinder
  3336 | D:4      | Reached XP level 7. HP: 39/60 MP: 6/6
  3345 | D:4      | Noticed Pikel
  3540 | D:4      | Noticed Eustachio
  3846 | D:2      | Killed Pikel
  3847 | D:2      | Reached skill level 5 in Fighting
  3847 | D:2      | Reached skill level 5 in Maces & Flails
  3847 | D:2      | Reached XP level 8. HP: 8/69 MP: 7/7
  4322 | D:3      | Killed Eustachio
  5032 | D:5      | Entered Level 5 of the Dungeon
  5089 | D:5      | Found Daabrul's Magic Scroll Shoppe.
  5144 | D:5      | Found Fairaps's General Store.
  5187 | D:5      | Found Qeroyhif's Assorted Antiques.
  5195 | D:5      | Bought a scroll labelled TAUXTO WOIGE for 24 gold pieces
  5304 | D:5      | Found Viamm's Antique Armour Shop.
  5620 | D:5      | Found a transporter.
  5621 | D:5      | Found a transporter.
  5625 | D:5      | Noticed robertstho's ghost (novice DEFE)
  5678 | D:5      | Found Agicw's Book Boutique.
  6210 | D:5      | Reached skill level 5 in Armour
  6210 | D:5      | Reached skill level 5 in Shields
  6482 | D:5      | Demolished by an ogre

Illustrated notes

Levels and vault maps discovered:
D:1:      minmay_arrival_wavy_path, layout_rooms, minmay_misc_feat_x
D:2:      layout_basic, minmay_distorted
D:3:      layout_loops_ring, grunt_gozag_breadcrumbs
D:4:      layout_basic, minmay_temple_entry_gardened_gates, grunt_ministairs_14,
          uniq_eustachio, uniq_pikel, uniq_grinder
D:5:      layout_layer_cave, serial_shops, nicolae_shop_trees, shop,
          nicolae_shop_stone, shop, nicolae_shop_statue_plus,
          gammafunk_ghost_hive, minmay_misc_feat_nine_boxes
D:6:      layout_gridville, nicolae_overflow_crystal_walls,
          lemuel_coloured_pillars_altar, corexii_leaking_fountain
Temple:   regret_index_temple_mists

Skill      XL: |  1  2  3  4  5  6  7  8 |
---------------+-------------------------+-----
Maces & Flails | 2 3 4 5 6 |  6.3
Armour         | 3 4 5 |  5.0
Shields        | 3 4 5 |  5.0
Fighting       | 4 5 6 |  6.1

Action                   |  1- 3 |  4- 6 |  7- 9 || total
-------------------------+-------+-------+-------++-------
Melee: Flail             |   155 |   130 |   184 ||   469
Throw: Dart              |       |       |     2 ||     2
  Use: Scroll            |       |       |     7 ||     7
Armor: Scale mail        |    90 |    61 |    66 ||   217
       Plate armour      |       |       |     4 ||     4
Dodge: Dodged            |    50 |    36 |    55 ||   141
Block: Kite shield       |    83 |    66 |    99 ||   248

Table legend: (Time is in decaauts)
 A = Elapsed time spent in this place.
 B = Non-inter-level travel time spent in this place.
 C = Inter-level travel time spent in this place.
 D = Time resting spent in this place.
 E = Time spent auto-exploring this place.
 F = Levels seen in this place.
 G = Mean time per level.
                   A        B        C        D        E       F      G
               +--------+--------+--------+--------+--------+-----+--------+
         Total |   6661 |   6395 |    266 |   1724 |   3453 |   7 |  951.6 |
       Dungeon |   6502 |   6262 |    240 |   1724 |   3332 |   6 | 1083.7 |
        Temple |    159 |    133 |     26 |      0 |    121 |   1 |  159.0 |
               +--------+--------+--------+--------+--------+-----+--------+

Top non-repeatable levels by time:
     D:4: 1640 daAuts
     D:5: 1429 daAuts
     D:2: 1383 daAuts
     D:3: 1150 daAuts
     D:1: 860 daAuts
  Temple: 159 daAuts
     D:6: 38 daAuts
